 Dungeon Crawl Stone Soup version 0.31-a0-202-g547052bce9 (webtiles) character file.

Game seed: 16705088856372910875

491 qw the Skirmisher (level 6, -2/39 HPs)
             Began as a Deep Elf Hunter on June 26, 2023.
             Was an Initiate of Okawaru.
             Killed by nerve-wracking pain
             ... invoked by Menkaure
              (11 damage)
             ... on level 4 of the Dungeon.
             The game lasted 00:01:36 (3489 turns).

qw the Skirmisher (Deep Elf Hunter)                 Turns: 3489, Time: 00:01:37

Health: -2/39      AC: 10    Str: 10    XL:     6   Next: 91%
Magic:  8/8        EV: 11    Int: 14    God:    Okawaru [......]
Gold:   39         SH:  0    Dex: 18    Spells: 5/5 levels left

rFire   . . .        Y - +0 shortbow
rCold   . . .        (shield currently unavailable)
rNeg    . . .        i - +0 ring mail
rPois   .            a - +1 helmet
rElec   .            (no cloak)
rCorr   .            (no gloves)
SInv    .            e - +2 pair of boots
Will    .....        (no amulet)
Stlth   +            (no ring)
HPRegen 0.26/turn    (no ring)
MPRegen 0.11/turn

%: no passive effects
@: no status effects
A: claws 1, robust 1
a: Renounce Religion


You were on level 4 of the Dungeon.
You worshipped Okawaru.
Okawaru was noncommittal.
You visited 2 branches of the dungeon, and saw 5 of its levels.

You collected 200 gold pieces.
You spent 161 gold pieces at shops.


Innate Abilities, Weirdness & Mutations

You have sharp fingernails.
You are robust. (+10% HP)


   Skills:
 - Level 2.7 Fighting
 + Level 9.7 Ranged Weapons
 - Level 1.9 Armour
 - Level 2.4 Dodging
 - Level 1.2 Stealth


You had 5 spell levels left.
You didn't know any spells.
Your spell library was empty.

Inventory:

Hand Weapons
 Y - a +0 shortbow (weapon)
Armour
 a - a +1 helmet (worn)
 e - a +2 pair of boots (worn)
 i - a +0 ring mail (worn)
 j - a +1 hat
Jewellery
 d - a ring of flight
Scrolls
 b - 2 scrolls of fog {unknown}
 c - 3 scrolls of identify
Potions
 f - a potion of haste
 g - a potion of mutation
 h - a potion of degeneration {unknown}
 l - a potion of heal wounds {unknown}

Dungeon Overview and Level Annotations

Branches:
Dungeon (4/15)             Temple (1/1) D:4

Altars:
Cheibriados
Elyvilon
Hepliaklqana
Kikubaaqudgha
Makhleb
Nemelex Xobeh
Okawaru
Qazlal
Sif Muna
Wu Jian
Xom

Shops:
D:4 ?

Annotations:
D:4 Menkaure


Message History

Enter note:
Enter note:
Enter note:
Enter note:
There is an escape hatch in the floor here.
Menkaure, Prince of Dust comes into view.
Menkaure shouts!
Enter note:
Enter note:
Enter note:
Enter note:
Enter note:
Enter note:
Enter note:
Enter note:
Enter note: You shoot an arrow.
The arrow hits Menkaure.
Menkaure is lightly damaged.
You shoot an arrow. The arrow barely misses Menkaure.
You shoot an arrow. The arrow hits Menkaure!
Menkaure is moderately damaged.
You shoot an arrow. The arrow hits Menkaure.
Menkaure is heavily damaged.
Menkaure calls on the powers of darkness!
Your body is wracked with pain!
You shoot an arrow. The arrow hits Menkaure.
Menkaure is severely damaged.
You shoot an arrow. The arrow hits Menkaure.
Menkaure is severely damaged.
Menkaure hits you but does no damage.
You shoot an arrow.
The arrow hits Menkaure but does no damage.
Menkaure is severely damaged.
Menkaure hits you!
You shoot an arrow.
The arrow hits Menkaure but does no damage.
Menkaure is severely damaged.
Menkaure casts a spell at you. Pain shoots through your body!
You die...

..>.. ##...## .# #>....# . ###
#.....# .## ##.. #.....# ..#
###... #.....# # #.# #...8.
#.....# #. #.# #.8...
####.#######.###M# #...8.
#..........#....@# ##.8...
#.###...#..###.### #....8.
#.###........#.# #..8...
#.#...8.8.8..#.# #....8.
#.#.#..}.}...#.#### #..8...
......8.>.8.......####### #....8.
#......}.}....#.#>......# #..8...
####..8.8.8...#....####.###....8.
##........#####................


You could see Menkaure.

Vanquished Creatures
  A black bear (D:4)
  An ogre (D:4)
  A scorpion (D:4)
  A sleepcap (D:3)
  An orc wizard (D:4)
  Natasha (D:4)
  4 adders
  4 worms
  A dart slug (D:2)
  6 orcs
  10 ball pythons
  9 bats
  10 endoplasms
  4 giant cockroaches
  13 goblins
  4 hobgoblins
  18 jackals
  4 quokkas
  5 frilled lizards
  A kobold (D:2)
  8 rats
107 creatures vanquished.

Notes
Turn   | Place    | Note
-------+----------+-------------------------------------------
     0 | D:1      | qw the Deep Elf Hunter began the quest for the Orb.
     0 | D:1      | Reached XP level 1. HP: 12/12 MP: 3/3
     0 | D:1      | 0 ||| qw: Version: 0.3-a-22-g0ed2b0b
     0 | D:1      | 0 ||| qw: Game counter: 6076
     0 | D:1      | 0 ||| qw: Melee chars always use a shield: true
     0 | D:1      | 0 ||| qw: God list: Okawaru
     0 | D:1      | 0 ||| qw: Allow faded altars: false
     0 | D:1      | 0 ||| qw: Do Orc after clearing Dungeon:15 true
     0 | D:1      | 0 ||| qw: Do second Lair branch before Depths: true
     0 | D:1      | 0 ||| qw: Lair rune preference: random
     0 | D:1      | 0 ||| qw: Goals: Normal
     0 | D:1      | 0 ||| PLANNING D:1-11
    36 | D:1      | Reached XP level 2. HP: 16/16 MP: 4/4
    42 | D:1      | Reached skill level 6 in Ranged Weapons
   207 | D:1      | Reached XP level 3. HP: 20/20 MP: 5/5
   538 | D:1      | Reached skill level 7 in Ranged Weapons
   709 | D:1      | 709 ||| UPGRADING to +2 pair of boots.
   714 | D:1      | 714 ||| UPGRADING to +0 ring mail.
   724 | D:1      | 724 ||| DROPPING +0 leather armour.
   725 | D:1      | 725 ||| DROPPING amulet of magic regeneration.
   726 | D:1      | 726 ||| READING scroll labelled ENTYAWK HEHYWNITZ.
   727 | D:1      | 727 ||| READING 2 scrolls labelled HORUWU WYMI.
   728 | D:1      | 728 ||| DROPPING scroll of butterflies.
   729 | D:1      | 729 ||| DROPPING scroll of amnesia.
   787 | D:2      | Found a shimmering altar of Xom.
   910 | D:2      | Reached XP level 4. HP: 25/25 MP: 6/6
  1125 | D:2      | Found a faded altar of an unknown god.
  1240 | D:2      | 1240 ||| READING scroll labelled WIMAFR VIMAEQ.
  1241 | D:2      | 1241 ||| READING scroll labelled GESIOM INWAORGH.
  1287 | D:2      | 1287 ||| READING 2 scrolls labelled HITIUR QUGOC.
  1288 | D:2      | 1288 ||| READING scroll labelled HOBBAO YSEXA.
  1550 | D:3      | Reached skill level 8 in Ranged Weapons
  1591 | D:3      | HP: 5/25 [goblin/+0 club (2)]
  1596 | D:3      | HP: 4/25 [goblin/+0 club (1)]
  1601 | D:3      | Reached XP level 5. HP: 6/29 MP: 7/7
  2360 | D:3      | 2360 ||| DROPPING ring of magical power.
  2361 | D:3      | 2361 ||| READING scroll labelled FIEPLE PYOMAD.
  2362 | D:3      | 2362 ||| READING scroll labelled SIDUIM GA VOTOM.
  2363 | D:3      | 2363 ||| READING scroll labelled GIUNILO IPUONO.
  2364 | D:3      | 2364 ||| DRINKING 2 murky pink potions.
  2364 | D:3      | Gained mutation: You have sharp fingernails. [potion of
                  | mutation]
  2364 | D:3      | Gained mutation: You are robust. (+10% HP) [potion of
                  | mutation]
  2369 | D:3      | 2369 ||| READING 2 scrolls of identify.
  2369 | D:3      | 2369 ||| IDENTIFYING blue potion
  2371 | D:3      | 2371 ||| Stepping ~*~*~tactically~*~*~ (cloud).
  2615 | D:4      | 2615 ||| FLEEEEING.
  2616 | D:4      | 2616 ||| FLEEEEING.
  2617 | D:4      | 2617 ||| FLEEEEING.
  2618 | D:4      | 2618 ||| FLEEEEING.
  2619 | D:4      | 2619 ||| FLEEEEING.
  2620 | D:4      | 2620 ||| FLEEEEING.
  2621 | D:4      | 2621 ||| FLEEEEING.
  2622 | D:4      | 2622 ||| FLEEEEING.
  2623 | D:4      | 2623 ||| FLEEEEING.
  2624 | D:4      | 2624 ||| FLEEEEING.
  2625 | D:4      | 2625 ||| FLEEEEING.
  2626 | D:4      | 2626 ||| FLEEEEING.
  2627 | D:4      | 2627 ||| FLEEEEING.
  2630 | D:4      | 2630 ||| FLEEEEING.
  2631 | D:4      | 2631 ||| FLEEEEING.
  2633 | D:4      | 2633 ||| FLEEEEING.
  2634 | D:4      | 2634 ||| FLEEEEING.
  2635 | D:4      | 2635 ||| FLEEEEING.
  2636 | D:4      | 2636 ||| FLEEEEING.
  2637 | D:4      | 2637 ||| FLEEEEING.
  2638 | D:4      | 2638 ||| STAIRDANCE
  2674 | D:3      | 2674 ||| UPGRADING to +0 helmet.
  2679 | D:3      | 2679 ||| DRINKING 2 silvery potions.
  2687 | D:4      | 2687 ||| STAIRDANCE
  2689 | D:4      | 2689 ||| STAIRDANCE
  2691 | D:3      | 2691 ||| DRINKING potion of curing.
  2691 | D:3      | 2691 ||| (to cure confusion)
  2703 | D:4      | Reached skill level 9 in Ranged Weapons
  2705 | D:4      | Noticed an ogre
  2717 | D:4      | Killed an ogre
  2718 | D:4      | Reached XP level 6. HP: 19/39 MP: 8/8
  2804 | D:4      | Found a shimmering blue altar of Sif Muna.
  2806 | D:4      | Found a staircase to the Ecumenical Temple.
  2807 | D:4      | 2807 ||| PLANNING TEMPLE
  2817 | Temple   | Entered the Ecumenical Temple
  2863 | Temple   | 2863 ||| PLANNING OKAWARU WORSHIP
  2930 | Temple   | Became a worshipper of Warmaster Okawaru
  2931 | Temple   | 2931 ||| PLANNING D:1-11
  3028 | D:4      | Reached skill level 1 in Armour
  3036 | D:4      | 3036 ||| FLEEEEING.
  3037 | D:4      | 3037 ||| FLEEEEING.
  3265 | D:4      | Found Kacsomyn's Magic Scroll Shop.
  3268 | D:4      | 3268 ||| BUYING scroll of enchant armour (105 gold).
  3268 | D:4      | Bought a scroll of enchant armour for 105 gold pieces
  3268 | D:4      | 3268 ||| BUYING scroll of identify (28 gold).
  3268 | D:4      | Bought a scroll of identify for 28 gold pieces
  3268 | D:4      | 3268 ||| BUYING scroll of identify (28 gold).
  3268 | D:4      | Bought a scroll of identify for 28 gold pieces
  3268 | D:4      | 3268 ||| READING scroll of enchant armour.
  3268 | D:4      | 3268 ||| ENCHANTING +0 helmet.
  3325 | D:4      | Found an ornate altar of the Wu Jian Council.
  3399 | D:4      | Noticed Natasha
  3409 | D:4      | Killed Natasha
  3481 | D:4      | Noticed Menkaure
  3488 | D:4      | HP: 9/39 [Menkaure (13)]
  3489 | D:4      | Killed from afar by Menkaure

Levels and vault maps discovered:
D:1:      spicycebolla_arrival_xxxplode, layout_basic,
          wander_ebering_terrifying_dragon_lair
D:2:      layout_rooms, basic_altar, shapermc_ecumenical_altar_rom_forum,
          minmay_crystal_water, st_stairs_9
D:3:      layout_loops_corners, hellmonk_no_cap
D:4:      layout_loops_cross, mainiacjoe_overflow_large_starburst,
          minmay_temple_entry_statues_fountains, serial_shops, kennysheep_mini,
          st_stairs_13, nrook_mini_vaults, minmay_fountain_box,
          minmay_misc_feat_pillars, uniq_menkaure, uniq_natasha
Temple:   kb_temple_of_zot

Skill      XL: |  1  2  3  4  5  6 |
---------------+-------------------+-----
Ranged Weapons | 6 7 8 9 |  9.7
Fighting       | 2 |  2.7
Armour         | 1 |  1.9
Dodging        | |  2.4
Stealth        | |  1.2

Action                     |  1- 3 |  4- 6 || total
---------------------------+-------+-------++-------
   Fire: Shortbow          |   129 |   214 ||   343
    Use: Scroll            |     2 |     9 ||    11
         Potion            |       |     3 ||     3
 Armour: Leather armour    |    27 |       ||    27
         Ring mail         |       |    49 ||    49
  Dodge: Dodged            |    52 |    60 ||   112

Table legend:
 A = Non-vault XP
 B = Vault XP
 C = Vault XP percentage of total XP
 D = Non-vault monster count
 E = Vault monster count
 F = Vault count percentage of total count
                 A         B        C        D         E       F
            +---------+---------+-------+---------+---------+-------
      Total |     608 |      94 |  13.4 |      98 |       9 |   8.4
            +---------+---------+-------+---------+---------+-------
        D:1 |      63 |       1 |   1.6 |      35 |       1 |   2.8
        D:2 |      68 |       4 |   5.6 |      23 |       2 |   8.0
        D:3 |      51 |      43 |  45.7 |      20 |       4 |  16.7
        D:4 |     426 |      46 |   9.7 |      20 |       2 |   9.1
            +---------+---------+-------+---------+---------+-------
